Workbook

Sheet Problem

Sheet Answer
A1: SERVICE COMPANY WORKSHEET | I1: P1WORK
A2: Excel Applications for Accounting Principles: Website Problem
A3: by Gaylord N. Smith
A5: Student Name:
A6: Answer sheet for requirements 5 and 6
A8: 5) Financial Statements
B10: Wikki Cleaners | G10: =B10 -> Wikki Cleaners | L10: =B10 -> Wikki Cleaners
B11: Income Statement | G11: Statement of Retained Income | L11: Balance Sheet
B12: For the Year Ended 31 Dec 2012 | G12: For the Year ended 31 Dec 2012 | L12: As at 31st Dec 2012
B14: Revenues | G14: Beginning Retained Earning | I14: 31200 | L14: Asset
B15: Revenues | D15: 171560 | G15: Add:Net Income | I15: =D25 -> 54020 | L15: Cash | O15: =Worksheet!H10 -> 13200
B16: Expenses | I16: =SUM(I14:I15) -> 85220 | L16: Cleaning Suppliers | O16: =Worksheet!H11 -> 3250
B17: Rent | C17: =Worksheet!H19 -> 28500 | G17: Less:Dividend | I17: 27000 | L17: Prepaid Insurance | O17: =Worksheet!H12 -> 1800
B18: wages | C18: =Worksheet!H20 -> 41550 | G18: Ending Retained Earning | I18: =I16-I17 -> 58220 | L18: Equipment | N18: =Worksheet!H13 -> 206000
B19: utilities | C19: =Worksheet!H21 -> 2130 | L19: less Accumilated Depreciation | N19: =Worksheet!I14 -> 95700 | O19: =N18-N19 -> 110300
B20: Misc | C20: =Worksheet!H22 -> 1410 | L20: Total Asset | O20: =SUM(O15:O19) -> 128550
B21: Suppliers | C21: =Worksheet!G11 -> 18750 | L21: Liabilities
B22: Insurance | C22: =Worksheet!G12 -> 3600 | L22: Account Payable | N22: =Worksheet!I15 -> 8500
L23: Wges Payable | N23: =Worksheet!E20 -> 1830
B24: Depreciation | C24: =Worksheet!G14 -> 21600 | D24: =SUM(C17:C24) -> 117540 | L24: Total Liabilities | O24: =SUM(N22:N23) -> 10330
B25: Net Income | D25: =D15-D24 -> 54020 | L25: Stockholders Equity
L26: Common Stock | N26: 60000
L27: Retained Earning | N27: =I18 -> 58220
L28: Total Shareholder Equity | O28: =SUM(N26:N27) -> 118220
L29: Total Liabilities and Shareholders Equity | O29: =O24+O28 -> 128550
A66: 6) | D66: National Averages | F66: Nikki Cleaners
B67: Rent | D67: 0.123
B68: Utilities | D68: 0.077
B69: Wages | D69: 0.33
B70: Misc. | D70: 0.01
B71: Supplies | D71: 0.175
B72: Insurance | D72: 0.047
B73: Depreciation | D73: 0.238
D74: 1
A76: Comments:

Sheet Worksheet
A1: Student Name:
A2: P1WORK
A3: Service Company Worksheet
A5: Wikki Cleaners
A6: Work Sheet
A7: For Year Ended December 31, 2012
B8: Trial Balance | E8: Adjustments | H8: Adj. T/Balance | J8: Income Statement | L8: Balance Sheet
A9: Account Title | B9: Dr. | C9: Cr. | E9: Dr. | G9: Cr. | H9: Dr. | I9: Cr. | J9: Dr. | K9: Cr. | L9: Dr. | M9: Cr.
A10: Cash | B10: 13200 | H10: =IF(B10-C10+E10-G10>0,B10-C10+E10-G10,0) -> 13200 | I10: =IF(H10>0,0,-B10+C10-E10+G10) -> 0 | L10: =H10 -> 13200
A11: Cleaning supplies | B11: 22000 | F11: a | G11: 18750 | H11: =IF(B11-C11+E11-G11>0,B11-C11+E11-G11,0) -> 3250 | I11: =IF(H11>0,0,-B11+C11-E11+G11) -> 0 | L11: =H11 -> 3250
A12: Prepaid insurance | B12: 5400 | F12: b | G12: 3600 | H12: =IF(B12-C12+E12-G12>0,B12-C12+E12-G12,0) -> 1800 | I12: =IF(H12>0,0,-B12+C12-E12+G12) -> 0 | L12: =H12 -> 1800
A13: Equipment | B13: 206000 | H13: =IF(B13-C13+E13-G13>0,B13-C13+E13-G13,0) -> 206000 | I13: =IF(H13>0,0,-B13+C13-E13+G13) -> 0 | L13: =H13 -> 206000
A14: Accumulated depr. | C14: 74100 | F14: c | G14: 21600 | H14: =IF(B14-C14+E14-G14>0,B14-C14+E14-G14,0) -> 0 | I14: =IF(H14>0,0,-B14+C14-E14+G14) -> 95700 | L14: =H14 -> 0 | M14: =I14 -> 95700
A15: Accounts payable | C15: 8500 | H15: =IF(B15-C15+E15-G15>0,B15-C15+E15-G15,0) -> 0 | I15: =IF(H15>0,0,-B15+C15-E15+G15) -> 8500 | L15: =H15 -> 0 | M15: =I15 -> 8500
A16: Wikki Lee, capital | C16: 91200 | H16: =IF(B16-C16+E16-G16>0,B16-C16+E16-G16,0) -> 0 | I16: =IF(H16>0,0,-B16+C16-E16+G16) -> 91200 | L16: =H16 -> 0 | M16: =I16 -> 91200
A17: Wikki Lee, drawing | B17: 27000 | H17: =IF(B17-C17+E17-G17>0,B17-C17+E17-G17,0) -> 27000 | I17: =IF(H17>0,0,-B17+C17-E17+G17) -> 0
A18: Revenue | C18: 171560 | H18: =IF(B18-C18+E18-G18>0,B18-C18+E18-G18,0) -> 0 | I18: =IF(H18>0,0,-B18+C18-E18+G18) -> 171560 | K18: =I18 -> 171560
A19: Rent expense | B19: 28500 | H19: =IF(B19-C19+E19-G19>0,B19-C19+E19-G19,0) -> 28500 | I19: =IF(H19>0,0,-B19+C19-E19+G19) -> 0 | J19: =H19 -> 28500 | K19: =I19 -> 0
A20: Wages expense | B20: 39720 | E20: 1830 | F20: d | H20: =IF(B20-C20+E20-G20>0,B20-C20+E20-G20,0) -> 41550 | I20: =IF(H20>0,0,-B20+C20-E20+G20) -> 0 | J20: =H20 -> 41550 | K20: =I20 -> 0
A21: Utilities expense | B21: 2130 | H21: =IF(B21-C21+E21-G21>0,B21-C21+E21-G21,0) -> 2130 | I21: =IF(H21>0,0,-B21+C21-E21+G21) -> 0 | J21: =H21 -> 2130 | K21: =I21 -> 0
A22: Misc. expense | B22: 1410 | H22: =IF(B22-C22+E22-G22>0,B22-C22+E22-G22,0) -> 1410 | I22: =IF(H22>0,0,-B22+C22-E22+G22) -> 0 | J22: =H22 -> 1410 | K22: =I22 -> 0
B23: =SUM(B10:B22) -> 345360 | C23: =SUM(C10:C22) -> 345360
A24: Supplies expense | E24: 3250 | F24: a | H24: =IF(B24-C24+E24-G24>0,B24-C24+E24-G24,0) -> 3250 | I24: =IF(H24>0,0,-B24+C24-E24+G24) -> 0 | J24: =H24 -> 3250 | K24: =I24 -> 0
A25: Insurance expense | E25: 1800 | F25: b | H25: =IF(B25-C25+E25-G25>0,B25-C25+E25-G25,0) -> 1800 | I25: =IF(H25>0,0,-B25+C25-E25+G25) -> 0 | J25: =H25 -> 1800 | K25: =I25 -> 0
A26: Depreciation exp. | E26: 21600 | F26: c | H26: =IF(B26-C26+E26-G26>0,B26-C26+E26-G26,0) -> 21600 | I26: =IF(H26>0,0,-B26+C26-E26+G26) -> 0 | J26: =H26 -> 21600 | K26: =I26 -> 0
A27: Wages payable | F27: d | G27: 1830 | H27: =IF(B27-C27+E27-G27>0,B27-C27+E27-G27,0) -> 0 | I27: =IF(H27>0,0,-B27+C27-E27+G27) -> 1830
E28: FORM1 | G28: =SUM(G10:G27) -> 45780 | H28: =SUM(H10:H27) -> 351490 | I28: =SUM(I10:I27) -> 368790 | J28: =SUM(J10:J27) -> 100240 | K28: =SUM(K10:K27) -> 171560 | L28: =SUM(L10:L27) -> 224250 | M28: =SUM(M10:M27) -> 195400
A29: Net income | J29: =IF(J28>K28,0,K28-J28) -> 71320 | K29: =IF(J28>K28,J28-K28,0) -> 0 | L29: =IF(L28>M28,0,M28-L28) -> 0 | M29: =IF(L28>M28,L28-M28,0) -> 28850
J30: =SUM(J28:J29) -> 171560 | K30: =SUM(K28:K29) -> 171560 | L30: =SUM(L28:L29) -> 224250 | M30: =SUM(M28:M29) -> 224250

Sheet Chart
K5: National Avg | L5: Wikkii Cleaners
J6: Rent | K6: 0.123 | L6: =F44 -> 0.28431764
J7: Utilities | K7: 0.077 | L7: =F45 -> 0.021249002
J8: wages | K8: 0.33 | L8: =F46 -> 0.41450519
J9: Miscelenious | K9: 0.01 | L9: =F47 -> 0.014066241
J10: Supplies | K10: 0.175 | L10: =F48 -> 0.032422187
J11: Insurance | K11: 0.047 | L11: =F49 -> 0.017956903
J12: Depreciation | K12: 0.238 | L12: =F50 -> 0.21548284
D42: Chart
D43: Data Table
D44: Rent | E44: =Worksheet!J19 -> 28500 | F44: =E44/$E$51 -> 0.28431764
D45: Utilities | E45: =Worksheet!J21 -> 2130 | F45: =E45/$E$51 -> 0.021249002
D46: Wages | E46: =Worksheet!J20 -> 41550 | F46: =E46/$E$51 -> 0.41450519
D47: Misc. | E47: =Worksheet!J22 -> 1410 | F47: =E47/$E$51 -> 0.014066241
D48: Supplies | E48: =Worksheet!J24 -> 3250 | F48: =E48/$E$51 -> 0.032422187
D49: Insurance | E49: =Worksheet!J25 -> 1800 | F49: =E49/$E$51 -> 0.017956903
D50: Depreciation | E50: =Worksheet!J26 -> 21600 | F50: =E50/$E$51 -> 0.21548284
E51: =SUM(E44:E50) -> 100240
